 Dungeon Crawl Stone Soup version 0.16.2-12-gd0ad4c3 (webtiles) character file.

49 faibistes the Magician (level 3, 0/19 HPs)
             Began as a Deep Elf Wizard on July 5, 2018.
             Killed by miscasting Mephitic Cloud (10 damage)
             ... on level 2 of the Dungeon.
             The game lasted 00:03:49 (1637 turns).

faibistes the Magician (Deep Elf Wizard)            Turns: 1637, Time: 00:03:50

Health: 0/19       AC:  2    Str:  4    XL:     3   Next: 51%
Magic:  9/14       EV: 13    Int: 23    God:
Gold:   79         SH:  0    Dex: 13    Spells: 5 memorised, 1 level left

rFire  . . .     SeeInvis .     m - +0 dagger
rCold  . . .     Clarity  .     a - +0 robe
rNeg   . . .     SustAb   .     (no shield)
rPois  .         Gourm    .     b - +0 hat
rElec  .         Spirit   .     (no cloak)
rCorr  .         Warding  .     (no gloves)
rMut   .         Stasis   .     (no boots)
MR     .....                    (no amulet)
Stlth  ++........               (no ring)
                                (no ring)

@: very slightly contaminated, not resistant to hostile enchantments, unstealthy
A: no striking features
a: no special abilities


You were on level 2 of the Dungeon.
You were not hungry.

You visited 1 branch of the dungeon, and saw 3 of its levels.

You collected 79 gold pieces.

Inventory:

Hand weapons
 m - a +0 dagger (weapon)
Armour
 a - a +0 robe (worn)
 b - a +0 hat (worn)
Scrolls
 g - a scroll of remove curse {unknown}
 i - 2 scrolls of teleportation {unknown}
 j - a scroll of identify {unknown}
 r - a scroll of enchant weapon {unknown}
Potions
 e - 2 potions of heal wounds
 h - a potion of haste {unknown}
 k - a potion of invisibility {unknown}
 l - 3 potions of flight {unknown}
 n - 3 potions of curing {unknown}
 q - 2 potions of lignification {unknown}
Books
 c - a book of Minor Magic

   Spells                             Type                      Level
   a - Magic Dart                     Conjuration                  1
   b - Blink                          Translocation                2
   c - Call Imp                       Summoning                    2
   d - Repel Missiles                 Charms/Air                   2
   e - Slow                           Hexes                        2
   f - Conjure Flame                  Conjuration/Fire             3
   g - Mephitic Cloud                 Conjuration/Poison/Air       3
Comestibles
 d - a bread ration
 f - 2 meat rations
 o - 2 fruits
 p - 3 chunks of flesh


   Skills:
 + Level 3.0 Dodging
 - Level 2.4 Stealth
 * Level 5.3 Spellcasting
 * Level 2.4 Conjurations
 - Level 1.1 Summonings
 - Level 1.1 Translocations


You had one spell level left.
You knew the following spells:

 Your Spells              Type           Power        Failure   Level  Hunger
a - Magic Dart            Conj           ###.         3%          1    None
b - Conjure Flame         Conj/Fire      ##......     17%         3    ##.....
c - Call Imp              Summ           ##......     12%         2    None
d - Blink                 Tloc           N/A          12%         2    None
e - Mephitic Cloud        Conj/Pois/Air  #.......     21%         3    ##.....


Dungeon Overview and Level Annotations

Branches:
Dungeon (3/15)

Altars:


Message History

There is a stone staircase leading down here.
You climb downwards.
The orc hits you with a war axe. The orc hits you but does no damage.
There is a stone staircase leading up, spattered with blood here.
The orc hits you with a falchion. The orc hits you with a war axe.
You climb upwards.
There is a stone staircase leading down here.
Casting: Magic Dart
Confirm with . or Enter, or press ? or * to list all spells.
You blink.
Casting: Blink
Confirm with . or Enter, or press ? or * to list all spells.
Aiming: Mephitic Cloud
Press: ? - help, Shift-Dir - straight line, f - orc
Aim: an orc, wielding a war axe You miscast Mephitic Cloud.
You are very lightly contaminated with residual magic.
A wave of violent energy washes through your body!
Ouch! That really hurt!
You die...

#.. ..### #.##.#.# #..#.#.#
##......########
#..............#####
######..#..............#
....................#...#
##
###.#.#........##.####.###(
#.#.....@................
###.........#..##......###.
#.....§oo...........#.## #.
####................#.# #.
#........#........<# #.
#....#..........#.## ##
#...........#. #.
#...#....... .. #...#.#..##
...


You could see 2 orcs.

Vanquished Creatures
  An adder (D:2)
  An ooze (D:1)
  6 bats (D:1)
  3 goblins
  2 hobgoblins
  A quokka (D:3)
  4 giant newts (D:1)
  4 kobolds (D:1)
  16 rats
38 creatures vanquished.

Vanquished Creatures (collateral kills)
  A worm (D:2)
1 creature vanquished.

Vanquished Creatures (others)
  A white imp (D:2)
1 creature vanquished.

Grand Total: 40 creatures vanquished

Notes
Turn   | Place    | Note
--------------------------------------------------------------
     0 | D:1      | faibistes, the Deep Elf Wizard, began the quest for the Orb.
     0 | D:1      | Reached XP level 1. HP: 10/10 MP: 6/6
   234 | D:1      | Reached XP level 2. HP: 13/15 MP: 2/10
   307 | D:1      | Learned a level 2 spell: Blink
   310 | D:1      | Learned a level 2 spell: Call Imp
   667 | D:1      | Reached skill level 5 in Spellcasting
   834 | D:1      | Reached XP level 3. HP: 19/19 MP: 6/14
   839 | D:1      | Learned a level 3 spell: Conjure Flame
   843 | D:1      | Learned a level 3 spell: Mephitic Cloud
  1637 | D:2      | Killed by miscasting Mephitic Cloud

Action                   || total
-------------------------++-------
Melee: Unarmed           ||    12
 Cast: Magic Dart        ||    78
       Call Imp          ||     3
       Blink             ||     1
  Use: Potion            ||     1
  Eat: Chunk             ||     2
